 Dungeon Sprint DCSS version 0.30-a0-469-g84de5afbc5 (webtiles) character file.

Game seed: 14100205207502953477

492 rocky1 the Spear-Bearer (level 7, 0/52 HPs)
             Began as a Formicid Fighter on Dec 20, 2022.
             Was an Initiate of Gozag.
             Slain by a human (12 damage)
             ... in the Dungeon (Sprint III: "The Ten Rune Challenge").
             The game lasted 00:03:05 (521 turns).

rocky1 the Spear-Bearer (Formicid Fighter)           Turns: 521, Time: 00:03:06

Health: 0/52       AC:  6    Str: 23    XL:     7   Next: 37%
Magic:  7/7        EV:  9    Int:  7    God:    Gozag
Gold:   438        SH:  7    Dex: 13    Spells: 0/6 levels left

rFire   . . .      SeeInvis +    a - +0 trident
rCold   . . .      Faith    .    c - +0 buckler
rNeg    . . .      Spirit   .    b - +0 scale mail
rPois   .          Reflect  .    (helmet unavailable)
rElec   .          Harm     .    (no cloak)
rCorr   .          Rampage  .    (no gloves)
Will    .....                    (no boots)
Stlth   ..........               (no amulet)
HPRegen 0.28/turn                (no ring)
MPRegen 0.10/turn                (no ring)

@: no status effects
A: permanent stasis, dig shafts and tunnels, antennae 3, four strong arms
a: Dig, Renounce Religion, Potion Petition, Call Merchant, Bribe Branch


You were in the Dungeon.
You worshipped Gozag.
Gozag was aware of your devotion.
You visited 1 branch You collected 438 gold pieces.

Inventory:

Hand Weapons
 a - a +0 trident (weapon)
Missiles
 h - 4 boomerangs
Armour
 b - a +0 scale mail (worn)
 c - a +0 buckler (worn)
Scrolls
 i - a scroll of summoning
 k - a scroll of poison
 m - a scroll of torment
Potions
 e - 2 potions of curing
 f - a potion of heal wounds
 g - 2 potions of magic
 j - 4 potions of mutation {unknown}
 n - a potion of flight {unknown}
Miscellaneous
 d - a phantom mirror


   Skills:
 - Level 3.2 Fighting
 * Level 12.6 Polearms
 - Level 3.2 Armour
 - Level 11.1 Shields


You couldn't memorise any spells.
You knew the following spells:

 Your Spells              Type           Power      Damage    Failure   Level
a - Summon Cactus Giant   Summ           0%         N/A       100%        6

Your spell library contained the following spells:

 Spells                   Type           Power      Damage    Failure   Level
 Scorch                   Fire           0%         2d5       90%         2
 Flame Wave               Conj/Fire      0%         2d4       100%        4


Dungeon Overview and Level Annotations

Branches:
Dungeon (1/1)

Altars:
Cheibriados
Dithmenos
Fedhas
Gozag
Hepliaklqana
Kikubaaqudgha
Makhleb
Nemelex Xobeh
Okawaru
Qazlal
Ru
Sif Muna
Trog
Uskayaw
Vehumet
Wu Jian
Xom
Yredelemnul
Jiyva
Lugonu


Innate Abilities, Weirdness & Mutations

You cannot be hasted, slowed, berserked, paralysed or teleported.
You can dig through walls and to a lower floor.
You have a pair of large antennae on your head. (SInv)
Your four strong arms can wield two-handed weapons with a shield.


Message History

The human is heavily wounded.
You block the human's attack.
You closely miss the human.
The human is heavily wounded.
The human hits you.
You barely miss the human.
The human is heavily wounded.
The human hits you.
You puncture the human!
The human is heavily wounded.
The human barely misses you.
You closely miss the human.
The human is heavily wounded.
The human hits you.
You hit the human.
The human is severely wounded.
The human hits you! x2
You are too injured to fight recklessly!
You are too injured to fight recklessly!
You are too injured to fight recklessly!
You are too injured to fight recklessly!
You are too injured to fight recklessly!
You hit the human but do no damage.
The human is severely wounded.
The human completely misses you.
You hit the human.
The human is severely wounded.
The human hits you.
You completely miss the human.
The human is severely wounded.
The human completely misses you.
You hit the human but do no damage.
The human is severely wounded.
The human hits you!
* * * LOW HITPOINT WARNING * * *
You closely miss the human.
The human is severely wounded.
The human hits you!
You die...
Your body crumbles into a pile of gold. ▓▓▓ ▓▓▓ ..#### ##.# ####### $$ $$ $ .....#####..# ___#__#$ $ ...†.....#..#{ p_)#._# ${{{ .##...#..#..###+#p###)## {{{ $ .###..##÷#..#...@......# ${{{

#.##..###...'.⌠........#$
$ $
.##..####...#...######'#$
.##..###....#.⌠.#__#...#
##...##.....#...#__#...#
#....#......#)###__#...#
{ ..##.#.....#...#__#...+
#.. ####....#___#__'...#
▓▓▓▓▓▓▓▓▓▓▓▓▓▓▓▓▓


You could see 2 humans.

Vanquished Creatures
  A shadow (D)
  A spatial vortex (D)
  A necrophage (D)
  A water elemental (D)
  A jelly (D)
  A necromancer (D)
  A wizard (D)
  A human (D)
  A kobold demonologist (D)
  A phantom (D)
  2 endoplasms (D)
  2 rats (D)
14 creatures vanquished.

Notes
Turn   | Place    | Note
-------+----------+-------------------------------------------
     0 | D        | rocky1 the Formicid Fighter began the quest for the Orb.
     0 | D        | Reached XP level 1. HP: 18/18 MP: 1/1
    42 | D        | Reached skill level 3 in Polearms
   107 | D        | Reached skill level 5 in Shields
   107 | D        | Reached XP level 2. HP: 22/24 MP: 2/2
   121 | D        | Reached skill level 5 in Polearms
   121 | D        | Reached XP level 3. HP: 17/29 MP: 3/3
   255 | D        | Noticed a water elemental
   257 | D        | Killed a water elemental
   258 | D        | Reached skill level 7 in Polearms
   258 | D        | Reached XP level 4. HP: 35/35 MP: 4/4
   274 | D        | Noticed a shadow
   275 | D        | Reached XP level 5. HP: 41/41 MP: 5/5
   279 | D        | Killed a shadow
   280 | D        | Reached skill level 10 in Polearms
   280 | D        | Reached skill level 10 in Shields
   280 | D        | Reached XP level 6. HP: 47/47 MP: 6/6
   284 | D        | Found a blossoming altar of Fedhas.
   284 | D        | Found a stormy altar of Qazlal.
   284 | D        | Noticed a spatial vortex
   285 | D        | Found a snail-covered altar of Cheibriados.
   285 | D        | Found a burning altar of Makhleb.
   285 | D        | Found a hazy altar of Hepliaklqana.
   285 | D        | Found a shimmering altar of Xom.
   285 | D        | Found an opulent altar of Gozag.
   285 | D        | Found a sparkling altar of Nemelex Xobeh.
   285 | D        | Found a corrupted altar of Lugonu.
   285 | D        | Found a viscous altar of Jiyva.
   289 | D        | Became a worshipper of Gozag Ym Sagoz the Greedy
   293 | D        | Killed a spatial vortex
   294 | D        | Reached skill level 11 in Polearms
   294 | D        | Reached XP level 7. HP: 34/52 MP: 7/7
   368 | D        | Found a basalt altar of Yredelemnul.
   368 | D        | Found a shadowy altar of Dithmenos.
   368 | D        | Found a sacrificial altar of Ru.
   373 | D        | Reached skill level 12 in Polearms
   415 | D        | Found a radiant altar of Vehumet.
   415 | D        | Found a shimmering blue altar of Sif Muna.
   415 | D        | Found an ancient bone altar of Kikubaaqudgha.
   422 | D        | Noticed a rust devil
   493 | D        | Learned a level 6 spell: Summon Cactus Giant
   500 | D        | Found a hide-covered altar of Uskayaw.
   500 | D        | Found an iron altar of Okawaru.
   500 | D        | Found a bloodstained altar of Trog.
   500 | D        | Found an ornate altar of the Wu Jian Council.
   500 | D        | Noticed a human
   500 | D        | Noticed a human
   521 | D        | Slain by a human

Illustrated notes

Levels and vault maps discovered:
D:        dungeon_sprint_mu [sprint_mu_entry_cave, sprint_mu_temple_rooms,
          sprint_mu_d1_spiders, sprint_mu_d2_genie, sprint_mu_d3_branching,
          sprint_mu_orc_legion, sprint_mu_elf_gauntlet, sprint_mu_hive_nellie,
          sprint_mu_lair_fedhas, sprint_mu_vaults_butterflies,
          sprint_mu_slime_circle, sprint_mu_swamp_cave, sprint_mu_snake_twists,
          sprint_mu_blade_basic, sprint_mu_crypt_lich, sprint_mu_tomb_spiral,
          sprint_mu_vestibule_basic, sprint_mu_gehenna_hellfire,
          sprint_mu_dis_giant, sprint_mu_tartarus_statrot,
          sprint_mu_cocytus_islands, sprint_mu_zot1]

Skill      XL: |  1  2  3  4  5  6  7 |
---------------+----------------------+-----
Polearms       | 3 5 7 10 11 12 | 12.6
Shields        | 5 6 7 8 10 11 | 11.1
Fighting       | |  3.2
Armour         | |  3.2

Action                   |  1- 3 |  4- 6 |  7- 9 || total
-------------------------+-------+-------+-------++-------
Melee: Trident           |    34 |    10 |    43 ||    87
 Abil: Dig               |     1 |       |       ||     1
  Use: Scroll            |     3 |       |       ||     3
       Potion            |     1 |       |       ||     1
Armor: Scale mail        |     5 |       |     3 ||     8
Dodge: Dodged            |    11 |     1 |     4 ||    16
Block: Buckler           |     6 |       |     7 ||    13

Table legend: (Time is in decaauts)
 A = Elapsed time spent in this place.
 B = Non-inter-level travel time spent in this place.
 C = Inter-level travel time spent in this place.
 D = Time resting spent in this place.
 E = Time spent auto-exploring this place.
 F = Levels seen in this place.
 G = Mean time per level.
                   A        B        C        D        E       F      G
               +--------+--------+--------+--------+--------+-----+--------+
         Total |    513 |    503 |     10 |    274 |      4 |   1 |  513.0 |
       Dungeon |    513 |    503 |     10 |    274 |      4 |   1 |  513.0 |
               +--------+--------+--------+--------+--------+-----+--------+

Top non-repeatable levels by time:
       D: 513 daAuts
